 Dungeon Crawl Stone Soup version 0.30-a0-743-gbfdf073431 (webtiles) character file.

Game seed: 17492358570114752036

32 Aneyh the Trooper (level 3, -1/24 HPs)
             Began as a Tengu Monk on Feb 8, 2023.
             Slain by Terence
             ... wielding a +0 mace
              (3 damage)
             ... on level 2 of the Dungeon.
             The game lasted 00:00:46 (1142 turns).

Aneyh the Trooper (Tengu Monk)                      Turns: 1142, Time: 00:00:46

Health: -1/24      AC:  2    Str: 11    XL:     3   Next: 25%
Magic:  4/4        EV: 13    Int: 10    God:
Gold:   72         SH:  0    Dex: 18    Spells: 2/2 levels left

rFire   . . .      SeeInvis .    a - +0 spear
rCold   . . .      Faith    .    (no shield)
rNeg    . . .      Spirit   .    b - +0 robe
rPois   .          Reflect  .    (helmet restricted)
rElec   .          Harm     .    (no cloak)
rCorr   .          Rampage  .    (no gloves)
Will    .....                    (boots unavailable)
Stlth   ++                       (no amulet)
HPRegen 0.24/turn                (no ring)
MPRegen 0.09/turn                (no ring)

@: no status effects
A: beak, talons 3
a: no special abilities


You were on level 2 of the Dungeon.
You visited 1 branch of the dungeon, and saw 2 of its levels.

You collected 72 gold pieces.

Inventory:

Hand Weapons
 a - a +0 spear (weapon)
Armour
 b - a +0 robe (worn)
Scrolls
 d - 5 scrolls of identify {unknown}
 g - a scroll of teleportation {unknown}
 i - a scroll of acquirement {unknown}
 j - a scroll of enchant armour {unknown}
 k - a scroll of magic mapping {unknown}
 l - a scroll of brand weapon {unknown}
 m - a scroll of summoning {unknown}
Potions
 c - a potion of ambrosia
 e - 2 potions of curing {unknown}
 f - 2 potions of might {unknown}
 h - 2 potions of degeneration {unknown}


   Skills:
 + Level 4.3 Fighting
 - Level 3.2 Polearms
 - Level 3.2 Dodging
 - Level 2.0 Stealth


You had 2 spell levels left.
You didn't know any spells.
Your spell library contained the following spells:

 Spells                   Type           Power      Damage    Failure   Level
 Magic Dart               Conj           0%         1d3       36%         1
 Searing Ray              Conj           0%         2d4       50%         2
 Fulminant Prism          Conj/Hex       0%         3d5       98%         4


Dungeon Overview and Level Annotations

Branches:
Dungeon (2/15)

Altars:
Xom

Annotations:
D:2 Terence


Innate Abilities, Weirdness & Mutations

You have a beak for a mouth.
You have claws for feet.


Message History

There are monsters nearby!
You reach to attack!
The helpless Terence fails to defend himself.
You hit Terence but do no damage. You hit Terence but do no damage.
Your kick misses Terence. Terence hits you but does no damage.
You hit Terence but do no damage. You claw Terence.
Terence is lightly wounded.
Terence hits you with a +0 mace.
You hit Terence.
Terence is lightly wounded.
Terence barely misses you.
You hit Terence.
Terence is moderately wounded.
Terence hits you with a +0 mace.
You hit Terence but do no damage.
Terence is moderately wounded.
You barely miss Terence. Your kick misses Terence.
Terence is moderately wounded.
Terence hits you with a +0 mace!
* * * LOW HITPOINT WARNING * * *
You are too injured to fight recklessly!
You hit Terence but do no damage. You claw Terence. You peck Terence.
Terence is heavily wounded.
The ball python hisses angrily.
Terence hits you with a +0 mace.
* * * LOW HITPOINT WARNING * * *
You hit Terence.
Terence is severely wounded.
Terence closely misses you.
You closely miss Terence. Your kick misses Terence. You peck Terence.
Terence is severely wounded.
Terence closely misses you.
You hit Terence.
Terence is almost dead.
Terence completely misses you.
You hit Terence but do no damage.
Terence is almost dead.
Terence hits you with a +0 mace.
You die...

####### # ##.....#
#.##...##.# #.......#@#
#.##...##@# ### #
##.###S########.## #
##..# #...........##
#.#...##########.#.#.##
#.....# ##.##†##.##
##.....## #.##..###.#
#..._...## ##.#.###.##
#........## ##...##.##


You could see Terence and a ball python.

Vanquished Creatures
  An adder (D:2)
  3 ball pythons (D:1)
  4 endoplasms (D:1)
  A giant cockroach (D:1)
  A goblin (D:1)
  2 kobolds (D:1)
  A quokka (D:2)
  4 bats
  2 frilled lizards (D:2)
  3 rats
22 creatures vanquished.

Notes
Turn   | Place    | Note
-------+----------+-------------------------------------------
     0 | D:1      | Aneyh the Tengu Monk began the quest for the Orb.
     0 | D:1      | Reached XP level 1. HP: 14/14 MP: 2/2
   243 | D:1      | Reached XP level 2. HP: 16/19 MP: 3/3
  1042 | D:2      | Reached skill level 4 in Fighting
  1042 | D:2      | Reached XP level 3. HP: 19/24 MP: 4/4
  1104 | D:2      | Found a shimmering altar of Xom.
  1128 | D:2      | Noticed Terence
  1138 | D:2      | HP: 1/24 [Terence/+0 mace (6)]
  1142 | D:2      | Slain by Terence

Illustrated notes

Levels and vault maps discovered:
D:1:      minmay_arrival_jagged, layout_loops_ring, st_stairs_6
D:2:      minmay_chambers_of_ones, layout_loops_corners, basic_altar,
          uniq_robin, uniq_crazy_yiuf_cottage, uniq_terence

Skill      XL: |  1  2 |
---------------+-------+-----
Fighting       | 4 |  4.3
Polearms       | |  3.2
Dodging        | |  3.2
Stealth        | |  2.0

Action                     || total
---------------------------++-------
  Melee: Spear             ||    61
         Peck              ||     9
         Kick              ||     8
   Stab: Sleeping          ||     6
 Armour: Robe              ||     7
  Dodge: Dodged            ||    25

Table legend: (Time is in decaauts)
 A = Elapsed time spent in this place.
 B = Non-inter-level travel time spent in this place.
 C = Inter-level travel time spent in this place.
 D = Time resting spent in this place.
 E = Time spent auto-exploring this place.
 F = Levels seen in this place.
 G = Mean time per level.
                   A        B        C        D        E       F      G
               +--------+--------+--------+--------+--------+-----+--------+
         Total |   1138 |   1104 |     34 |      0 |    956 |   2 |  569.0 |
       Dungeon |   1138 |   1104 |     34 |      0 |    956 |   2 |  569.0 |
               +--------+--------+--------+--------+--------+-----+--------+

Top non-repeatable levels by time:
     D:1: 784 daAuts
     D:2: 353 daAuts
